 Dungeon Crawl Stone Soup version 0.24.0-1-gfbc8707122 (webtiles) character file.

Game seed: 11891953594670501312, levelgen mode: deterministic

1829636 inmateoo the Executioner (level 27, 409/409 HPs)
             Began as a Minotaur Fighter on Oct 25, 2019.
             Was the Champion of Okawaru.
             Escaped with the Orb
             ... and 3 runes!
             The game lasted 01:26:19 (60845 turns).

inmateoo the Executioner (Minotaur Fighter)        Turns: 60845, Time: 01:26:19

Health: 409/409    AC: 56    Str: 37 (38) XL:     27
Magic:  17/25      EV: 35    Int: 13      God:    Okawaru [******]
Gold:   4536       SH: 22    Dex: 18      Spells: 26/26 levels left

rFire    + + +     SeeInvis +   H - +9 broad axe (flame)
rCold    + + +     Gourm    .   J - +2 shield of Indemnity {rC+ Regen+ rCorr Int+3}
rNeg     + . .     Faith    .   a - +10 gold dragon scales
rPois    +         Spirit   .   v - +1 hat {SInv}
rElec    +         Reflect  .   I - scarf {rC+ rF+}
rCorr    +         Harm     .   k - +2 pair of gloves of Mobbaheh {rC+ rN+}
MR       ++...     Clarity  +   V - +1 pair of boots {Stlth+}
Stlth    ..........             D - amulet of Vitality {Regen+ HP+15}
HPRegen  1.58/turn              E - +5 ring of evasion
MPRegen  0.19/turn              U - +6 ring of protection

@: mighty, brilliant, agile, berserking, resistant, heroism, flying, very
slightly contaminated, hasted, studying Polearms, invisible, very quick
A: retaliatory headbutt, horns 2, thin metallic scales 1, yellow scales 1,
blurry vision 1, clarity, cold resistance 1, deterioration 1, low mp 3, poison
resistance, shaggy fur 1, strong 1, subdued magic 3
0: Orb of Zot
}: 3/15 runes: serpentine, barnacled, silver
a: Heroism, Finesse, Renounce Religion


You escaped.
You worshipped Okawaru.
Okawaru was exalted by your worship.
You were very full.

You visited 9 branches of the dungeon, and saw 47 of its levels.
You also visited: Trove, Sewer, Ice Cave and Volcano.

You collected 8674 gold pieces.
You spent 4138 gold pieces at shops.

Inventory:

Hand Weapons
 b - the +8 trident of the Octopus King {venom, rElec rPois MR+}
   (You bought it in a shop on level 2 of the Shoals)

   It poisons the flesh of those it strikes.
   It insulates you from electricity.
   It protects you from poison.
   It affects your resistance to hostile enchantments.
 H - a +9 broad axe of flaming (weapon)
Armour
 a - +10 gold dragon scales (worn)
 k - the +2 pair of gloves of Mobbaheh (worn) {rC+ rN+}
   (Okawaru gifted it to you on level 4 of the Depths)

   It protects you from cold.
   It protects you from negative energy.
 v - a +1 hat of see invisible (worn)
 I - a scarf of resistance (worn)
 J - the +2 shield of Indemnity (worn) {rC+ Regen+ rCorr Int+3}
   (You bought it in a shop on level 12 of the Dungeon)

   It affects your intelligence (+3).
   It protects you from cold.
   It increases your rate of regeneration.
   It provides partial protection from all sources of acid and corrosion.
 V - a +1 pair of boots of stealth (worn)
Jewellery
 z - an uncursed ring of protection from fire
 D - the amulet of Vitality (around neck) {Regen+ HP+15}
   (You took it off a mummy priest on level 2 of the Depths)

   [amulet of regeneration]

   It affects your health (+15).
   It increases your rate of regeneration.
 E - a +5 ring of evasion (left hand)
 R - an uncursed ring of protection from magic
 U - a +6 ring of protection (right hand)
Wands
 g - a wand of disintegration (76)
 F - a wand of iceblast (28)
 K - a wand of paralysis (70)
 M - a wand of clouds (8)
 P - a wand of acid (49)
 T - a wand of digging (2)
Scrolls
 h - 4 scrolls of fear
 i - 5 scrolls of holy word
 j - 28 scrolls of remove curse
 l - 10 scrolls of fog
 o - 8 scrolls of teleportation
 w - 12 scrolls of amnesia
 y - 16 scrolls of identify
 B - 2 scrolls of magic mapping
 G - a scroll of enchant weapon
 L - 4 scrolls of blinking
 S - 2 scrolls of silence
Potions
 d - a potion of might
 e - 7 potions of brilliance
 m - a potion of mutation
 n - 8 potions of cancellation
 p - 6 potions of heal wounds
 q - 5 potions of agility
 r - 11 potions of flight
 s - 28 potions of curing
 t - 8 potions of lignification
 u - 3 potions of ambrosia
 x - 5 potions of resistance
 A - 3 potions of magic
 N - 2 potions of invisibility
Books
 O - a manual of Polearms
Miscellaneous
 c - a lamp of fire
Comestibles
 f - 44 rations


   Skills:
 - Level 23.1(27) Fighting
 - Level 24.5(27) Axes
 - Level 16.6(27) Polearms
 - Level 23.0(27) Armour
 - Level 20.0(25.0) Dodging
 - Level 20.0(25.0) Shields
 * Level 21.8 Invocations


You had 26 spell levels left.
You didn't know any spells.
Your spell library contained the following spells:

 Spells                   Type           Power        Failure   Level  Hunger
 Animate Skeleton         Necr           N/A          10%         1    ##.....
 Apportation              Tloc           #.....       10%         1    ##.....
 Confusing Touch          Hex            #.....       10%         1    ##.....
 Corona                   Hex            #......      10%         1    ##.....
 Freeze                   Ice            #...         10%         1    ##.....
 Infusion                 Chrm           #...         10%         1    ##.....
 Magic Dart               Conj           #...         10%         1    ##.....
 Pain                     Necr           #...         10%         1    ##.....
 Sandblast                Erth           #.....       10%         1    ##.....
 Summon Butterflies       Summ           #.......     10%         1    ##.....
 Summon Small Mammal      Summ           #...         10%         1    ##.....
 Blink                    Tloc           N/A          14%         2    ###....
 Call Imp                 Summ           #.......     14%         2    ###....
 Corpse Rot               Necr           N/A          14%         2    ###....
 Ensorcelled Hibernation  Hex/Ice        #.....       14%         2    ###....
 Passwall                 Tmut/Erth      #.......     14%         2    ###....
 Searing Ray              Conj           #.....       14%         2    ###....
 Shroud of Golubria       Chrm/Tloc      #.....       14%         2    ###....
 Slow                     Hex            #.......     14%         2    ###....
 Song of Slaying          Chrm           #.......     14%         2    ###....
 Sublimation of Blood     Necr           #.........   14%         2    ###....
 Swiftness                Chrm/Air       #.......     14%         2    ###....
 Throw Flame              Conj/Fire      #.....       14%         2    ###....
 Throw Frost              Conj/Ice       #.....       14%         2    ###....
 Call Canine Familiar     Summ           #.......     28%         3    ####...
 Confuse                  Hex            #.......     28%         3    ####...
 Conjure Flame            Conj/Fire      #.......     28%         3    ####...
 Dazzling Spray           Conj/Hex       #.....       28%         3    ####...
 Gell's Gravitas          Tloc           #.........   28%         3    ####...
 Ignite Poison            Fire/Tmut/Pois #.......     28%         3    ####...
 Inner Flame              Hex/Fire       #.......     28%         3    ####...
 Lesser Beckoning         Tloc           #.........   28%         3    ####...
 Mephitic Cloud           Conj/Pois/Air  #.......     28%         3    ####...
 Ozocubu's Armour         Chrm/Ice       #.......     28%         3    ####...
 Regeneration             Chrm/Necr      #.........   28%         3    ####...
 Spectral Weapon          Hex/Chrm       #.......     28%         3    ####...
 Static Discharge         Conj/Air       #.......     28%         3    ####...
 Stone Arrow              Conj/Erth      #.....       28%         3    ####...
 Teleport Other           Tloc           #.......     28%         3    ####...
 Tukima's Dance           Hex            #.......     28%         3    ####...
 Vampiric Draining        Necr           #.........   28%         3    ####...
 Animate Dead             Necr           N/A          63%         4    #####..
 Cause Fear               Hex            #.........   63%         4    #####..
 Force Lance              Conj/Tloc      #.......     63%         4    #####..
 Fulminant Prism          Conj/Hex       #.........   63%         4    #####..
 Ice Form                 Ice/Tmut       #.......     63%         4    #####..
 Iskenderun's Mystic Bla  Conj           #.......     63%         4    #####..
 Leda's Liquefaction      Hex/Erth       #.........   63%         4    #####..
 Petrify                  Tmut/Erth      #.......     63%         4    #####..
 Summon Ice Beast         Ice/Summ       #.......     63%         4    #####..
 Throw Icicle             Conj/Ice       #.......     63%         4    #####..
 Agony                    Necr           #.......     89%         5    ######.
 Alistair's Intoxication  Tmut/Pois      #.......     89%         5    ######.
 Aura of Abjuration       Summ           #.........   89%         5    ######.
 Bolt of Draining         Conj/Necr      #.........   89%         5    ######.
 Bolt of Magma            Conj/Fire/Erth #.........   89%         5    ######.
 Borgnjor's Vile Clutch   Necr/Erth      #.........   89%         5    ######.
 Dispel Undead            Necr           #.......     89%         5    ######.
 Excruciating Wounds      Chrm/Necr      #.........   89%         5    ######.
 Fireball                 Conj/Fire      #.........   89%         5    ######.
 Irradiate                Conj/Tmut      #.........   89%         5    ######.
 Iskenderun's Battlesphe  Conj/Chrm      #.......     89%         5    ######.
 Lee's Rapid Deconstruct  Erth           #.........   89%         5    ######.
 Lightning Bolt           Conj/Air       #.........   89%         5    ######.
 Metabolic Englaciation   Hex/Ice        #.........   89%         5    ######.
 Silence                  Hex/Air        #.........   89%         5    ######.
 Venom Bolt               Conj/Pois      #.........   89%         5    ######.
 Yara's Violent Unravell  Hex/Tmut       #.........   89%         5    ######.
 Bolt of Cold             Conj/Ice       #.........   100%        6    #######
 Bolt of Fire             Conj/Fire      #.........   100%        6    #######
 Darkness                 Hex            #.........   100%        6    #######
 Deflect Missiles         Chrm/Air       #.........   100%        6    #######
 Freezing Cloud           Conj/Ice/Air   #.........   100%        6    #######
 Invisibility             Hex            #.......     100%        6    #######
 Iron Shot                Conj/Erth      #.........   100%        6    #######
 Ozocubu's Refrigeration  Ice            #.........   100%        6    #######
 Shadow Creatures         Summ           N/A          100%        6    #######
 Simulacrum               Ice/Necr       #.........   100%        6    #######
 Statue Form              Tmut/Erth      #........    100%        6    #######
 Orb of Destruction       Conj           #.........   100%        7    #######
 Ring of Flames           Chrm/Fire      #.........   100%        7    #######
 Spellforged Servitor     Conj/Summ      #.........   100%        7    #######
 Chain Lightning          Conj/Air       #.........   100%        8    #######
 Discord                  Hex            #.........   100%        8    #######
 Ignition                 Fire           #.........   100%        8    #######
 Lehudib's Crystal Spear  Conj/Erth      #.........   100%        8    #######
 Glaciate                 Conj/Ice       #.........   100%        9    #######
 Shatter                  Erth           #.........   100%        9    #######
 Tornado                  Air            #.........   100%        9    #######
 Passage of Golubria      Tloc           Unusable     N/A         4    N/A

Dungeon Overview and Level Annotations

Branches:
Dungeon (15/15)            Temple (1/1) D:6            Lair (6/6) D:11
 Shoals (4/4) Lair:2        Snake (4/4) Lair:2        Slime (0/5) Lair:6
    Orc (2/2) D:12            Elf (0/3) Orc:2        Vaults (5/5) D:13
  Crypt (0/3) Vaults:2     Depths (5/5) D:15            Zot (5/5) Depths:5
  Sewer (visited)           IceCv (visited)         Volcano (visited)

Altars:
Ashenzari
Cheibriados
Dithmenos
Elyvilon
Fedhas
Gozag
Hepliaklqana
Kikubaaqudgha
Makhleb
Nemelex Xobeh
Okawaru
Qazlal
Ru
Sif Muna
Trog
Uskayaw
Vehumet
Wu Jian
Xom
Yredelemnul
Zin
The Shining One
Beogh
Jiyva

Shops:
D:9 (   D:11 :   D:12 [}   Orc:2 :?:(*   Shoals:2 *   Snake:3 }}=%   Vaults:2 :
Vaults:3 [   Vaults:5 =   Depths:3 [

Portals:
Hell: Depths:1 Depths:2 Depths:3 Depths:4 Depths:5
Abyss: Depths:1 Depths:2 Depths:3 Depths:4
Pandemonium: Depths:3 Depths:5
Ziggurat: Depths:2

Annotations:
Lair:6 1 runed translucent door
Snake:1 3 runed translucent doors, Siddir's ghost, journeyman MiBe
Vaults:2 Jory
Zot:3 2 transporters, Mikey69's ghost, legendary DsBe


Innate Abilities, Weirdness & Mutations

You reflexively headbutt those who attack you in melee.
You have a pair of horns on your head.
You are partially covered in thin metallic scales. (AC +2)
You are partially covered in yellow scales. (AC +2)
Scrolls take you a little longer to read.
You possess an exceptional clarity of mind.
Your flesh is cold resistant. (rC+)
Your body sometimes deteriorates upon taking damage.
Your magical capacity is extremely low. (-30% MP)
Your system is resistant to poisons. (rPois)
You are covered in fur. (AC +1)
Your muscles are strong. (Str +2)
Your spells are much easier to cast, but much less powerful.


Message History

(? for menu, Esc to cancel) < or
E - a +5 ring of evasion; > or
z - a ring of protection from fire You remove your ring of protection from fire.
U - a +6 ring of protection (right hand)
You gain the combat prowess of a mighty hero.
You feel very mighty all of a sudden.
You feel agile all of a sudden.
You feel yourself speed up.
You feel more confident with your borrowed prowess.
You can now deal lightning-fast blows.
You feel protected.
You fade into invisibility!
You are very lightly contaminated with residual magic.
You feel very buoyant.
You fly up into the air.
You feel clever all of a sudden.
A red film seems to cover your vision as you go berserk!
Your finesse ends abruptly.
You feel yourself moving faster!
You feel mighty!
You feel a strong urge to attack something.
You have escaped!

#.##########.##########.###.(
#.#..#.............#..#.# ##.
#.#.#...............#.#.# #.
#.##.......#.#......(##.# #.
#.#......#.#.#.#......#.# #.
#.#.....##.#.#.##.....#.####.
#.#.......⌠#.#⌠.......#......
#.#..#######.#######..#.#####
#...........@...........# #
###..#######.#######..### #
#.......⌠#.#⌠.......# ###
#.....##.#.#.##.....# #..
#......#.#.#.#......# #..
##.......#.#†......## #..
#.#.(.............#.# #####
#..#.............#..# #.#
##########.########## #.#


There were no monsters in sight!

Vanquished Creatures
  4 ancient liches (Zot:5)
  7 orbs of fire
  Mara (Depths:2)
  Mennas (Vaults:2)
  4 juggernauts
  2 greater mummies (Depths:2)
  Margery (Vaults:3)
  Vashnia (Snake:2)
  Frederick (Vaults:2)
  Saint Roka (Vaults:3)
  7 Killer Klowns
  A caustic shrike (shapeshifter) (Vaults:5)
  5 caustic shrikes (Depths:4)
  Nikola (Snake:1)
  10 golden dragons
  A bone dragon (Vaults:2)
  A pearl dragon (Depths:4)
  A hellephant (Zot:2)
  4 electric golems
  A Tzitzimitl (D:10)
  20 tentacled monstrosities
  A Hell Sentinel (D:10)
  Jorgrun (D:14)
  An Ice Fiend (Depths:2)
  28 Orb Guardians
  6 liches
  Rupert (D:15)
  5 quicksilver dragons
  3 titans (Vaults:5)
  An acid blob (Depths:4)
  Asterion (Depths:3)
  14 sphinxes
  Frances (Snake:1)
  The ghost of frimble the Victor of a Thousand Battles, an adept DsGl of Okawaru (Depths:5)
  16 storm dragons
  Roxanne (D:14)
  16 shadow dragons
  10 death cobs
  3 draconian monks
  2 azure jellies (Depths:4)
  8 fire giants
  10 tengu reavers
  3 draconian scorchers
  4 draconian knights
  2 ghost moths
  8 nagarajas (Snake:4)
  9 frost giants
  The ghost of barkas the Spear-Bearer, a journeyman CeMo of Okawaru (Orc:2)
  21 vault wardens
  2 deep elf sorcerers
  A cacodemon (D:11)
  5 draconian shifters
  Aizul (Shoals:1)
  A black sun (Zot:4)
  A deep elf elementalist (Vaults:5)
  5 iron dragons
  3 draconian annihilators
  8 draconian stormcallers
  An ophan (Depths:4)
  19 very ugly things
  8 ironheart preservers
  24 stone giants
  3 spriggan defenders (Depths:3)
  2 war gargoyles
  A reaper (Depths:1)
  5 entropy weavers
  An apis (Depths:4)
  10 black draconians
  3 vampire knights
  2 deep elf annihilators (Vaults:2)
  2 lorocyprocas (Zot:4)
  2 deep elf demonologists
  2 yellow draconians
  5 green draconians
  4 red draconians
  14 purple draconians
  9 white draconians
  6 spark wasps (Depths:4)
  3 merfolk javelineers (Shoals:4)
  7 deep elf death magi
  16 merfolk impalers
  18 ettins
  A crystal guardian (Vaults:5)
  4 mummy priests (Depths:2)
  6 death oozes (Depths:4)
  12 fire dragons
  14 naga warriors
  6 great orbs of eyes
  4 rakshasas
  2 deep elf high priests (Vaults:5)
  12 ice dragons
  16 hydras
  36 vault guards
  A hydra (shapeshifter) (Vaults:4)
  17 yaktaur captains
  A monstrous demonspawn (Zot:4)
  An alligator snapping turtle (Shoals:3)
  Erolcha (D:10)
  5 merfolk avatars
  Harold (D:10)
  2 death knights (Vaults:4)
  4 spriggan air magi
  Erica (D:10)
  3 merfolk aquamancers
  26 two-headed ogres
  14 centaur warriors
  9 anacondas
  A two-headed ogre (shapeshifter) (Depths:3)
  15 ogre magi
  7 deep troll earth magi
  4 deep troll shamans
  2 vampire magi
  3 satyrs
  2 tengu warriors (Depths:2)
  2 spriggan berserkers (Depths:3)
  8 death yaks (Lair:3)
  21 naga sharpshooters
  5 deep elf knights
  A soul eater (Depths:5)
  7 shock serpents
  Nergalle (Orc:2)
  2 fire crabs (shapeshifter)
  14 hell knights
  4 salamander mystics (Snake:4)
  A shadow wraith (Vaults:4)
  4 glowing orange brains
  5 flayed ghosts
  4 large abominations (Depths:4)
  A shadow demon (Depths:5)
  16 sea snakes
  23 deep trolls
  A torturous demonspawn (D:10)
  An unseen horror (Depths:4)
  6 naga ritualists
  5 wizards
  An obsidian statue (Zot:5)
  8 phantasmal warriors
  7 deep elf archers
  13 ironbrand convokers
  14 orc knights
  A tengu zombie (Vaults:4)
  9 necromancers
  Pikel (D:7)
  8 deep elf magi
  20 harpies
  3 orb spiders (shapeshifter)
  8 mana vipers
  31 ugly things
  8 orc sorcerers
  2 human zombies (Vaults:4)
  8 salamanders
  5 wolf spiders
  30 moths of wrath
  5 oklob plants
  8 cyclopes
  12 manticores
  9 fauns
  A salamander (shapeshifter) (Depths:3)
  5 elephants (Zot:2)
  7 merfolk sirens
  34 black mambas
  5 ice statues (IceCv)
  A guardian serpent (shapeshifter) (Depths:3)
  Psyche (D:10)
  10 guardian serpents
  2 molten gargoyles (Volcano)
  A torpor snail (Lair:6)
  2 frost giant skeletons (Vaults:4)
  An eye of devastation (shapeshifter) (Vaults:5)
  A smoke demon (Volcano)
  A spiny frog (shapeshifter) (Vaults:4)
  7 water nymphs
  16 vault sentinels
  14 naga magi
  A gargoyle (D:12)
  3 centaur skeletons
  2 orange demons
  11 spiny frogs
  2 yaktaurs (shapeshifter)
  2 kobold demonologists (D:14)
  A rime drake (Lair:6)
  9 komodo dragons
  A komodo dragon (shapeshifter) (Vaults:2)
  39 yaktaurs
  2 hellwings
  4 freezing wraiths
  8 ice devils
  4 guardian mummies (Depths:2)
  2 red devils
  7 trolls
  34 merfolk
  A queen bee (shapeshifter) (Depths:3)
  A meliai (shapeshifter) (Vaults:4)
  A polar bear (shapeshifter) (Vaults:3)
  6 meliai
  22 slime creatures
  10 wind drakes
  7 hornets
  9 hippogriffs
  A stone giant simulacrum (Vaults:2)
  A hornet (shapeshifter) (Vaults:1)
  2 dream sheep (shapeshifter)
  15 snapping turtles
  8 dream sheep
  20 blink frogs
  A meliai zombie (D:15)
  Eustachio (D:4)
  4 wraiths
  A spriggan (shapeshifter) (Depths:4)
  A tarantella (Vaults:5)
  12 redbacks
  23 water elementals
  2 fire bats (Volcano)
  9 wyverns (Lair:6)
  10 humans (Zot:2)
  3 basilisks
  53 yaks
  2 hungry ghosts
  4 vampire mosquitoes (D:14)
  2 chaos spawn (Depths:4)
  2 steam dragons (shapeshifter)
  5 wargs
  A yaktaur simulacrum (Vaults:3)
  56 nagas
  4 acid dragons
  20 water moccasins
  4 hell hounds
  3 porcupines
  5 sky beasts
  A black bear (shapeshifter) (Vaults:3)
  3 necrophages
  26 orc warriors
  2 phantoms
  A hornet zombie (D:15)
  A swamp drake (D:11)
  3 ice beasts
  An elf zombie (Vaults:4)
  A slave (D:7)
  26 ogres
  21 centaurs
  4 wolves (Lair:3)
  An eye of draining (shapeshifter) (Vaults:2)
  14 boggarts
  A human skeleton (Vaults:4)
  A centaur (shapeshifter) (Vaults:3)
  17 crocodiles
  An elf skeleton (Vaults:4)
  7 big kobolds
  18 bullfrogs
  8 small abominations (Depths:4)
  A wyvern skeleton (D:14)
  4 scorpions
  8 killer bees
  3 wights (D:12)
  4 electric eels
  2 bullfrog zombies
  8 howler monkeys
  9 crimson imps
  7 lava snakes (Volcano)
  2 centaur zombies
  4 jellies
  A quasit (D:9)
  2 draconian simulacra (IceCv)
  7 hounds
  32 orc wizards
  3 bullfrog skeletons
  18 orc priests
  An iron imp (Depths:3)
  5 iguanas
  7 worker ants
  A lightning spire (Zot:1)
  2 troll simulacra (IceCv)
  A spriggan simulacrum (IceCv)
  A centaur simulacrum (IceCv)
  A hound zombie (D:8)
  A hound skeleton (D:5)
  A worker ant zombie (D:9)
  5 gnolls
  2 howler monkey skeletons
  A naga simulacrum (IceCv)
  10 adders
  3 ogre simulacra (IceCv)
  3 river rats (Sewer)
  2 shadow imps
  6 oozes
  An adder skeleton (D:5)
  An adder zombie (D:7)
  6 worms
  4 dart slugs
  6 leopard geckos
  82 orcs
  2 ball pythons (Sewer)
  7 giant cockroaches
  14 goblins
  8 hobgoblins
  13 jackals
  22 kobolds
  6 quokkas
  11 bats
  15 frilled lizards
  A leopard gecko zombie (D:6)
  A quokka skeleton (D:4)
  A quokka zombie (D:5)
  14 rats
  A bush (Lair:4)
  4 fungi
  A macabre mass (Depths:4)
  3 plants
2146 creatures vanquished.

Vanquished Creatures (others)
  A black mamba (Snake:1)
  2 centaurs
  A jackal skeleton (D:7)
  4 fungi
  63 plants
71 creatures vanquished.

Grand Total: 2217 creatures vanquished

Notes
Turn   | Place    | Note
-------+----------+-------------------------------------------
     0 | D:1      | inmateoo the Minotaur Fighter began the quest for the Orb.
     0 | D:1      | Reached XP level 1. HP: 19/19 MP: 0/0
    58 | D:1      | Reached XP level 2. HP: 23/27 MP: 1/1
   197 | D:1      | Reached skill level 3 in Axes
   397 | D:1      | Reached XP level 3. HP: 32/33 MP: 2/2
   747 | D:2      | Found a stormy altar of Qazlal.
   869 | D:2      | Reached XP level 4. HP: 24/40 MP: 3/3
  1060 | D:2      | Found a glowing silver altar of Zin.
  1464 | D:2      | Found a white marble altar of Elyvilon.
  1483 | D:2      | Reached skill level 4 in Axes
  1687 | D:3      | Noticed a +0 dagger
  1687 | D:3      | Noticed a +0 dagger
  1688 | D:3      | Found a hide-covered altar of Uskayaw.
  1763 | D:3      | Reached XP level 5. HP: 44/47 MP: 4/4
  1814 | D:3      | Found a blossoming altar of Fedhas.
  2003 | D:3      | Reached skill level 5 in Axes
  2210 | D:3      | Found a hazy altar of Hepliaklqana.
  2435 | D:3      | Found a basalt altar of Yredelemnul.
  2475 | D:4      | Reached XP level 6. HP: 52/55 MP: 5/5
  2507 | D:4      | Noticed Eustachio
  2521 | D:4      | Killed Eustachio
  2521 | D:4      | Reached skill level 5 in Fighting
  2521 | D:4      | Reached skill level 5 in Armour
  2521 | D:4      | Reached skill level 1 in Dodging
  2521 | D:4      | Reached skill level 5 in Shields
  3347 | D:5      | Entered Level 5 of the Dungeon
  3353 | D:5      | Reached skill level 6 in Axes
  3353 | D:5      | Reached XP level 7. HP: 58/61 MP: 6/6
  3982 | D:6      | Reached skill level 7 in Axes
  3984 | D:6      | Found a staircase to the Ecumenical Temple.
  3993 | Temple   | Entered the Ecumenical Temple
  4164 | D:6      | Reached XP level 8. HP: 36/70 MP: 7/7
  4250 | D:6      | Found a glowing drain.
  4265 | Sewer    | Entered a sewer
  4911 | D:6      | Reached skill level 8 in Axes
  4924 | D:6      | Noticed a troll
  4950 | D:6      | Found a sparkling altar of Nemelex Xobeh.
  5264 | D:7      | Reached XP level 9. HP: 78/78 MP: 8/8
  5291 | D:7      | Noticed Pikel
  5305 | D:7      | Killed Pikel
  5305 | D:7      | Reached skill level 9 in Axes
  5422 | D:7      | Reached skill level 5 in Dodging
  5829 | D:7      | Found an iron altar of Okawaru.
  5834 | D:7      | Became a worshipper of Warmaster Okawaru
  5939 | D:8      | Reached skill level 10 in Axes
  6131 | D:8      | Noticed a two-headed ogre
  6648 | D:8      | Reached * piety under Okawaru
  6676 | D:9      | Reached XP level 10. HP: 88/88 MP: 9/9
  6786 | D:9      | Reached skill level 1 in Invocations
  7020 | D:9      | Found Zext's Weapon Boutique.
  7196 | D:9      | Found a sparkling altar of Nemelex Xobeh.
  7810 | D:10     | Entered Level 10 of the Dungeon
  7892 | D:10     | Noticed Erolcha
  7902 | D:10     | Killed Erolcha
  7902 | D:10     | Reached ** piety under Okawaru
  7902 | D:10     | Reached skill level 11 in Axes
  8091 | D:10     | Noticed Harold
  8109 | D:10     | Killed Harold
  8109 | D:10     | Reached *** piety under Okawaru
  8501 | D:10     | Noticed Erica
  8511 | D:10     | Killed Erica
  8615 | D:10     | Noticed Psyche
  8630 | D:10     | Killed Psyche
  8869 | D:10     | Reached XP level 11. HP: 93/97 MP: 12/12
  9285 | D:11     | Reached skill level 12 in Axes
  9299 | D:11     | Reached **** piety under Okawaru
  9906 | D:11     | Found a staircase to the Lair.
 10460 | D:11     | Found Kiom's Book Shop.
 10653 | D:12     | Noticed a green ugly thing
 10667 | D:12     | Killed a green ugly thing
 10673 | D:12     | Found Bioxupp's Gadget Emporium.
 10683 | D:12     | Found a frozen archway.
 10698 | D:12     | Reached ***** piety under Okawaru
 10698 | D:12     | Reached skill level 10 in Armour
 10789 | D:12     | Found a portal to a secret trove of treasure.
 10816 | IceCv    | Entered an ice cave
 10928 | IceCv    | Reached skill level 13 in Axes
 10961 | IceCv    | Reached skill level 10 in Fighting
 11221 | IceCv    | Received a gift from Okawaru
 11221 | IceCv    | Reached skill level 10 in Shields
 11221 | IceCv    | Reached skill level 5 in Invocations
 11224 | IceCv    | Got a crude cloak {god gift}
 11235 | IceCv    | Identified the +0 cloak "Boudecsays" {rCorr} (Okawaru
                  | gifted it to you in an ice cave)
 12831 | IceCv    | Reached XP level 12. HP: 103/106 MP: 15/15
 13449 | IceCv    | Reached skill level 14 in Axes
 13455 | IceCv    | Got a fine hand axe
 13466 | IceCv    | Identified the +7 hand axe "Kadauvup" {chop, +Blink Dex+4
                  | Stlth+} (You found it in an ice cave)
 13579 | D:12     | Found Ifaelay's Armour Shoppe.
 13580 | D:12     | Found a staircase to the Orcish Mines.
 13581 | D:12     | Identified the +2 robe "Xiseipn" {Regen+ Int+5}
 13593 | D:12     | Bought the +2 shield of Indemnity {rC+ Regen+ rCorr Int+3}
                  | for 565 gold pieces
 13904 | D:12     | Noticed a three-headed hydra
 13909 | D:12     | Killed a one-headed hydra
 13909 | D:12     | Reached skill level 15 in Axes
 14262 | D:13     | Noticed a seven-headed hydra
 14278 | D:13     | Killed a one-headed hydra
 14411 | D:13     | Noticed a centaur warrior
 14424 | D:13     | Killed a centaur warrior
 14451 | D:13     | Noticed a vault guard
 14589 | Lair:1   | Entered Level 1 of the Lair of Beasts
 15269 | Lair:2   | Reached skill level 16 in Axes
 15482 | Lair:2   | Received a gift from Okawaru
 15509 | Lair:2   | Found a staircase to the Shoals.
 15776 | Lair:2   | Found a staircase to the Snake Pit.
 16302 | Lair:3   | Noticed an eight-headed hydra
 16310 | Lair:3   | Killed a seven-headed hydra
 16310 | Lair:3   | Reached XP level 13. HP: 97/113 MP: 18/18
 16367 | Lair:3   | Reached skill level 17 in Axes
 16809 | Lair:3   | Reached skill level 18 in Axes
 16840 | Lair:3   | Reached ****** piety under Okawaru
 17249 | Lair:4   | Found a dark tunnel.
 17283 | Volcano  | Entered a volcano
 17486 | Volcano  | Found a bloodstained altar of Trog.
 17980 | Lair:4   | Received a gift from Okawaru
 19139 | Lair:6   | Entered Level 6 of the Lair of Beasts
 19191 | Lair:6   | Reached XP level 14. HP: 124/124 MP: 19/19
 19384 | Lair:6   | Reached skill level 19 in Axes
 19500 | Lair:6   | Found a runed translucent door.
 19500 | Lair:6   | Found a viscous altar of Jiyva.
 19501 | Lair:6   | Noticed an acid blob
 19516 | Lair:6   | Found a staircase to the Slime Pits.
 19517 | Lair:6   | Noticed an acid blob
 20075 | Lair:6   | Received a gift from Okawaru
 20520 | Lair:6   | Received a gift from Okawaru
 20803 | Orc:1    | Entered Level 1 of the Orcish Mines
 20892 | Orc:2    | Entered Level 2 of the Orcish Mines
 20899 | Orc:2    | Found a runed translucent gate.
 20899 | Orc:2    | Found a runed translucent gate.
 20900 | Orc:2    | Found a runed translucent gate.
 20900 | Orc:2    | Found an opulent altar of Gozag.
 20900 | Orc:2    | Found Vidab's Assorted Antiques.
 20905 | Orc:2    | Found an iron altar of Okawaru.
 20909 | Orc:2    | Found a staircase to the Elven Halls.
 20911 | Orc:2    | Noticed barkas's ghost (journeyman CeMo)
 21079 | Orc:2    | Paralysed by an orc sorcerer for 4 turns
 21548 | Orc:1    | Found a shimmering blue altar of Sif Muna.
 21862 | Orc:2    | Found Kihiedaf's Magic Scroll Shop.
 21879 | Orc:2    | Bought a scroll of enchant armour for 97 gold pieces
 21881 | Orc:2    | Bought a scroll of identify for 26 gold pieces
 21881 | Orc:2    | Bought a scroll of holy word for 97 gold pieces
 21881 | Orc:2    | Bought a scroll of fear for 45 gold pieces
 21881 | Orc:2    | Bought a scroll of teleportation for 39 gold pieces
 21881 | Orc:2    | Bought a scroll of blinking for 97 gold pieces
 21881 | Orc:2    | Bought a scroll of blinking for 97 gold pieces
 21881 | Orc:2    | Bought a scroll of magic mapping for 45 gold pieces
 21894 | Orc:2    | Found Reeluar's Antique Weapon Boutique.
 21952 | Orc:2    | Found an ancient bone altar of Kikubaaqudgha.
 21952 | Orc:2    | Noticed Nergalle
 21964 | Orc:2    | Reached skill level 20 in Axes
 21974 | Orc:2    | Killed Nergalle
 22128 | Orc:2    | Found a radiant altar of Vehumet.
 22128 | Orc:2    | Paralysed by an ogre mage for 5 turns
 22300 | Orc:2    | Found a roughly hewn altar of Beogh.
 22300 | Orc:2    | Found Ludatof's Book Boutique.
 22312 | Orc:2    | Found Ollecset's Book Boutique.
 22548 | D:13     | Received a gift from Okawaru
 22678 | D:13     | Reached XP level 15. HP: 129/135 MP: 20/20
 22694 | D:13     | Found a gate to the Vaults.
 23681 | D:14     | Identified Roxanne's Grimoire of Shape Shifting
 23681 | D:14     | Noticed Roxanne
 23939 | D:14     | Noticed Jorgrun
 23958 | D:14     | Killed Jorgrun
 24343 | D:15     | Entered Level 15 of the Dungeon
 24438 | D:15     | Reached skill level 21 in Axes
 24635 | D:15     | Found a staircase to the Depths.
 25002 | D:15     | Noticed Rupert
 25013 | D:15     | Killed Rupert
 25013 | D:15     | Received a gift from Okawaru
 25539 | Snake:1  | Entered Level 1 of the Snake Pit
 25548 | Snake:1  | Noticed Siddir's ghost (journeyman MiBe)
 25555 | Snake:1  | Found a runed translucent gate.
 25555 | Snake:1  | Found a runed translucent gate.
 25557 | Snake:1  | Found a runed translucent gate.
 25649 | Snake:1  | Noticed Nikola
 25855 | Orc:2    | Killed barkas's ghost
 25873 | Orc:2    | Bought a lumpy amethyst amulet for 155 gold pieces
 25873 | Orc:2    | Bought a scroll of magic mapping for 108 gold pieces
 25873 | Orc:2    | Bought a scroll of fog for 62 gold pieces
 26051 | Shoals:1 | Entered Level 1 of the Shoals
 26468 | Shoals:1 | Noticed Aizul
 26485 | Shoals:1 | Killed Aizul
 27128 | Shoals:2 | Got an ichor-stained hand axe
 27130 | Shoals:2 | Identified the cursed +0 hand axe of Ofroshon {chop, +Blink
                  | rC+ Str+3} (You found it on level 2 of the Shoals)
 27211 | Shoals:2 | Reached XP level 16. HP: 147/147 MP: 21/21
 27512 | Shoals:2 | Received a gift from Okawaru
 27515 | Shoals:2 | Got a smoking war axe {god gift}
 27516 | Shoals:2 | Identified the +10 war axe of Desertification {freeze,
                  | rPois rF+ Dex+4} (Okawaru gifted it to you on level 2 of
                  | the Shoals)
 27814 | Shoals:2 | Found Deor's General Store.
 27833 | Shoals:2 | Bought the +8 trident of the Octopus King {venom, rElec
                  | rPois MR+} for 1428 gold pieces
 27833 | Shoals:2 | Found the +8 trident of the Octopus King {venom, rElec
                  | rPois MR+}
 27980 | Shoals:2 | Reached skill level 22 in Axes
 28120 | Shoals:3 | Found a runed translucent door.
 28432 | Shoals:3 | Found Ehufeukh's Distillery.
 28467 | Shoals:3 | Bought a potion of curing for 51 gold pieces
 28467 | Shoals:3 | Bought a potion of heal wounds for 85 gold pieces
 28467 | Shoals:3 | Bought a potion of agility for 68 gold pieces
 28467 | Shoals:3 | Bought a potion of curing for 51 gold pieces
 28467 | Shoals:3 | Bought a potion of heal wounds for 85 gold pieces
 28467 | Shoals:3 | Bought a potion of might for 68 gold pieces
 28488 | Shoals:3 | Reached skill level 15 in Fighting
 28488 | Shoals:3 | Reached skill level 15 in Armour
 28792 | Shoals:3 | Received a gift from Okawaru
 29209 | Snake:1  | Reached skill level 10 in Dodging
 29210 | Snake:1  | Received a gift from Okawaru
 29268 | Snake:1  | Noticed Frances
 29294 | Snake:1  | Killed Frances
 29485 | Snake:1  | Killed Nikola
 30014 | Snake:2  | Noticed Vashnia
 30047 | Snake:2  | Killed Vashnia
 30407 | Snake:2  | Reached skill level 1 in Polearms
 30705 | Snake:2  | Reached XP level 17. HP: 154/156 MP: 22/22
 31214 | Snake:2  | Received a gift from Okawaru
 31619 | Snake:3  | Found Fuatoum's Food Shop.
 31948 | Snake:3  | Found Maovou Pauh's Gadget Shop.
 31964 | Snake:3  | Found Adetsyss's Jewellery Emporium.
 31965 | Snake:3  | Found Ruhibo Xoelo's Gadget Shop.
 32179 | Snake:3  | Identified a scroll of acquirement
 32219 | Snake:4  | Entered Level 4 of the Snake Pit
 32472 | Snake:4  | Received a gift from Okawaru
 32932 | Snake:4  | Reached skill level 5 in Polearms
 33841 | Snake:4  | Received a gift from Okawaru
 34419 | Snake:4  | Reached XP level 18. HP: 166/166 MP: 23/23
 34469 | Snake:4  | Got a serpentine rune of Zot
 34976 | Shoals:4 | Entered Level 4 of the Shoals
 36126 | Shoals:4 | Identified the ring of Oche {AC+2 Int+4}
 36617 | Shoals:4 | Received a gift from Okawaru
 37191 | Shoals:4 | Got a barnacled rune of Zot
 37731 | Vaults:1 | Entered Level 1 of the Vaults
 37919 | Snake:3  | Bought an uncursed ring of protection from magic for 375
                  | gold pieces
 39346 | Vaults:2 | Received a gift from Okawaru
 39542 | Vaults:2 | Reached XP level 19. HP: 147/177 MP: 24/24
 39870 | Vaults:2 | Found Lurhuf's Book Shoppe.
 40154 | Vaults:2 | Got a heavily runed large shield
 40156 | Vaults:2 | Identified the +0 large shield of the Mind {rC+} (You
                  | acquired it on level 2 of the Vaults)
 40346 | Vaults:2 | Reached skill level 10 in Polearms
 40427 | Vaults:2 | Noticed Frederick
 40441 | Vaults:2 | Killed Frederick
 40448 | Vaults:2 | Found a staircase to the Crypt.
 40449 | Vaults:2 | Noticed a bone dragon
 40469 | Vaults:2 | Killed a bone dragon
 40469 | Vaults:2 | Received a gift from Okawaru
 40635 | Vaults:2 | Noticed Jory
 41229 | Vaults:3 | Noticed Mennas
 41264 | Vaults:2 | Killed Mennas
 41438 | Vaults:3 | Reached skill level 15 in Dodging
 41723 | Vaults:3 | Noticed Margery
 41739 | Vaults:3 | Killed Margery
 42044 | Vaults:3 | Found Seliustro's Antique Armour Shop.
 42085 | Vaults:3 | Bought a pair of runed boots for 247 gold pieces
 42085 | Vaults:3 | Bought a pair of embroidered gloves for 247 gold pieces
 42169 | Vaults:3 | Received a gift from Okawaru
 42212 | Vaults:3 | Noticed Saint Roka
 42236 | Vaults:3 | Killed Saint Roka
 42507 | Vaults:3 | Reached XP level 20. HP: 137/187 MP: 25/25
 43200 | Vaults:4 | Received a gift from Okawaru
 43208 | Vaults:4 | Reached skill level 15 in Shields
 44200 | Vaults:4 | Received a gift from Okawaru
 44696 | Vaults:5 | Entered Level 5 of the Vaults
 44738 | Vaults:5 | Reached XP level 21. HP: 118/196 MP: 21/26
 45020 | Vaults:4 | Received a gift from Okawaru
 45645 | Vaults:5 | Noticed a golden dragon
 45645 | Vaults:5 | an iron dragon changed into a golden dragon
 45646 | Vaults:5 | Noticed a caustic shrike
 45646 | Vaults:5 | a golden dragon changed into a caustic shrike
 45651 | Vaults:5 | Killed a caustic shrike
 45825 | Vaults:5 | Identified the cursed +1 dire flail "Foffiun" {flame,
                  | Dex+6}
 45940 | Vaults:5 | Received a gift from Okawaru
 45958 | Vaults:5 | Identified the amulet "Nonlost" {Harm *Drain Slay+4}
 45991 | Vaults:5 | Reached XP level 22. HP: 114/209 MP: 27/27
 46031 | Vaults:5 | Noticed a golden dragon
 46041 | Vaults:5 | Killed a golden dragon
 46528 | Vaults:5 | Identified the Compendium of Helpful Darkness
 46629 | Vaults:5 | Identified the Catalogue of Supportive Stolen Souls
 46658 | Vaults:5 | Got a silver rune of Zot
 46853 | Vaults:5 | Found Xogo's Jewellery Emporium.
 47263 | Depths:1 | Entered Level 1 of the Depths
 47263 | Depths:1 | Found a one-way gate to the infinite horrors of the Abyss.
 47264 | Depths:1 | Found a gateway to Hell.
 47610 | Depths:1 | Received a gift from Okawaru
 47852 | Depths:2 | Reached skill level 15 in Polearms
 48021 | Depths:2 | Noticed Mara
 48027 | Depths:2 | Noticed inmateoo's illusion
 48044 | Depths:2 | Noticed inmateoo's illusion
 48052 | Depths:2 | Killed Mara
 48110 | Depths:2 | Found a gateway to a ziggurat.
 48296 | Depths:2 | Noticed a greater mummy
 48708 | Depths:2 | Received a gift from Okawaru
 48798 | Depths:2 | Killed a greater mummy
 49042 | Depths:2 | Noticed a greater mummy
 49060 | Depths:2 | Killed a greater mummy
 49658 | Depths:3 | Noticed a golden dragon
 49662 | Depths:3 | Noticed a juggernaut
 49677 | Depths:3 | Noticed a juggernaut
 49729 | Depths:3 | Killed a juggernaut
 49729 | Depths:3 | Reached XP level 23. HP: 214/214 MP: 28/28
 49740 | Depths:3 | Killed a juggernaut
 49781 | Depths:3 | Identified the cursed +1 dagger of Misery {antimagic, rN+}
 49821 | Depths:3 | Received a gift from Okawaru
 49961 | Depths:3 | Found a hide-covered altar of Uskayaw.
 50067 | Depths:3 | Gained mutation: You occasionally shout uncontrollably at
                  | your foes. [a shining eye]
 50078 | Depths:3 | Noticed Asterion
 50094 | Depths:3 | Killed Asterion
 50171 | Depths:3 | Noticed a juggernaut
 50177 | Depths:3 | Killed a juggernaut
 50761 | Depths:3 | Found Wiytav's Antique Armour Boutique.
 51089 | Depths:3 | Found a one-way gate leading to the halls of Pandemonium.
 51245 | Depths:4 | Received a gift from Okawaru
 51586 | Depths:4 | Found a glowing silver altar of Zin.
 51586 | Depths:4 | Found a white marble altar of Elyvilon.
 51586 | Depths:4 | Found a glowing golden altar of the Shining One.
 51915 | Depths:4 | Received a gift from Okawaru
 51932 | Depths:4 | Reached XP level 24. HP: 124/225 MP: 25/28
 52019 | Depths:4 | Identified the +2 pair of gloves of Mobbaheh {rC+ rN+}
                  | (Okawaru gifted it to you on level 4 of the Depths)
 52374 | Depths:4 | Noticed a juggernaut
 52383 | Depths:4 | Reached skill level 23 in Axes
 52395 | Depths:4 | Killed a juggernaut
 52395 | Depths:4 | Received a gift from Okawaru
 52520 | Depths:4 | Received a gift from Okawaru
 52686 | Depths:5 | Entered Level 5 of the Depths
 52999 | Depths:5 | Found a gate to the Realm of Zot.
 53171 | Depths:5 | Found a large runed translucent door.
 53172 | Depths:5 | Found a large runed translucent door.
 53819 | Depths:5 | Reached XP level 25. HP: 238/238 MP: 28/28
 53847 | Depths:5 | Noticed frimble's ghost (adept DsGl)
 54081 | Depths:5 | Killed frimble's ghost
 54294 | D:14     | Killed Roxanne
 54361 | D:12     | You paid a toll of +3 ice dragon scales to enter a treasure
                  | trove
 54362 | Trove    | Entered a treasure trove
 54383 | Trove    | Identified Sif Muna's Reference Book on the Excruciating
                  | Volcanoes
 54399 | Trove    | Identified Sif Muna's Papyrus of Boosting Conjuration
 54406 | Trove    | Identified Fohihux's Guide on the Frigorific Volcanoes
 54667 | Zot:1    | Entered Level 1 of the Realm of Zot
 54835 | Zot:1    | Received a gift from Okawaru
 54835 | Zot:1    | Reached skill level 24 in Axes
 54838 | Zot:1    | Identified the +1 hat of Okawaru's Anger {rC+} (Okawaru
                  | gifted it to you on level 1 of the Realm of Zot)
 55306 | Zot:1    | Reached skill level 10 in Invocations
 56074 | Zot:2    | Noticed an orb of fire
 56078 | Zot:2    | Gained mutation: Your spells are a little easier to cast,
                  | but a little less powerful. [an orb of fire]
 56089 | Zot:2    | Gained mutation: Your system is resistant to poisons.
                  | (rPois) [an orb of fire]
 56090 | Zot:2    | Killed an orb of fire
 56094 | Zot:2    | Lost mutation: Your spells are a little easier to cast, but
                  | a little less powerful. [potion of mutation]
 56094 | Zot:2    | Lost mutation: You occasionally shout uncontrollably at
                  | your foes. [potion of mutation]
 56094 | Zot:2    | Gained mutation: You are weak. (Str -2) [potion of
                  | mutation]
 56094 | Zot:2    | Gained mutation: Your spells are a little harder to cast,
                  | but a little more powerful. [potion of mutation]
 56094 | Zot:2    | Gained mutation: You are partially covered in thin metallic
                  | scales. (AC +2) [potion of mutation]
 56208 | Zot:2    | Identified the +6 rapier of Pyromania {venom, Fragile rElec
                  | MP+9 Str-5}
 56685 | Zot:2    | Received a gift from Okawaru
 56692 | Zot:2    | Identified the +1 shield of Cotzap {rElec} (Okawaru gifted
                  | it to you on level 2 of the Realm of Zot)
 56818 | Zot:2    | Noticed a Killer Klown
 56823 | Zot:2    | Noticed a Killer Klown
 56847 | Zot:2    | Killed a Killer Klown
 56863 | Zot:2    | Killed a Killer Klown
 56999 | Zot:2    | Noticed an orb of fire
 57004 | Zot:2    | Gained mutation: You are dopey. (Int -2) [an orb of fire]
 57016 | Zot:2    | Gained mutation: Your magical capacity is low. (-10% MP)
                  | [an orb of fire]
 57032 | Zot:2    | Gained mutation: Armour fits poorly on your strangely
                  | shaped body. [an orb of fire]
 57033 | Zot:2    | Killed an orb of fire
 57038 | Zot:2    | Lost mutation: Armour fits poorly on your strangely shaped
                  | body. [potion of mutation]
 57038 | Zot:2    | Lost mutation: Your magical capacity is low. (-10% MP)
                  | [potion of mutation]
 57038 | Zot:2    | Gained mutation: You are partially covered in slimy green
                  | scales. (AC +2) [potion of mutation]
 57179 | Zot:3    | Found a transporter.
 57179 | Zot:3    | Noticed a Killer Klown
 57179 | Zot:3    | Noticed Mikey69's ghost (legendary DsBe)
 57227 | Zot:3    | Found a transporter.
 57246 | Zot:3    | Noticed a Killer Klown
 57270 | Zot:3    | Reached XP level 26. HP: 202/249 MP: 32/32
 57963 | Zot:4    | Noticed an orb of fire
 58000 | Zot:4    | Reached skill level 15 in Invocations
 58016 | Zot:4    | Gained mutation: Armour fits poorly on your strangely
                  | shaped body. [an orb of fire]
 58021 | Zot:4    | Lost mutation: Your spells are a little harder to cast, but
                  | a little more powerful. [an orb of fire]
 58036 | Zot:4    | Killed an orb of fire
 58036 | Zot:4    | Received a gift from Okawaru
 58103 | Zot:4    | Noticed an orb of fire
 58110 | Zot:4    | Gained mutation: Your magical capacity is low. (-10% MP)
                  | [an orb of fire]
 58125 | Zot:4    | Gained mutation: Scrolls take you a little longer to read.
                  | [an orb of fire]
 58146 | Zot:4    | Killed an orb of fire
 58274 | Zot:4    | Lost mutation: You are dopey. (Int -2) [potion of mutation]
 58274 | Zot:4    | Lost mutation: You are weak. (Str -2) [potion of mutation]
 58274 | Zot:4    | Gained mutation: Your spells are a little easier to cast,
                  | but a little less powerful. [potion of mutation]
 58274 | Zot:4    | Gained mutation: You possess an exceptional clarity of
                  | mind. [potion of mutation]
 58275 | Zot:4    | Lost mutation: Your magical capacity is low. (-10% MP)
                  | [potion of mutation]
 58275 | Zot:4    | Lost mutation: You possess an exceptional clarity of mind.
                  | [potion of mutation]
 58275 | Zot:4    | Lost mutation: You are partially covered in slimy green
                  | scales. (AC +2) [potion of mutation]
 58275 | Zot:4    | Lost mutation: Scrolls take you a little longer to read.
                  | [potion of mutation]
 58275 | Zot:4    | Gained mutation: Scrolls take you a little longer to read.
                  | [potion of mutation]
 58275 | Zot:4    | Gained mutation: Your magical capacity is low. (-10% MP)
                  | [potion of mutation]
 58275 | Zot:4    | Gained mutation: You are covered in fur. (AC +1) [potion of
                  | mutation]
 58276 | Zot:4    | Lost mutation: Your spells are a little easier to cast, but
                  | a little less powerful. [potion of mutation]
 58276 | Zot:4    | Lost mutation: Armour fits poorly on your strangely shaped
                  | body. [potion of mutation]
 58276 | Zot:4    | Gained mutation: Your muscles are strong. (Str +2) [potion
                  | of mutation]
 58276 | Zot:4    | Gained mutation: You are partially covered in yellow
                  | scales. (AC +2) [potion of mutation]
 58276 | Zot:4    | Gained mutation: You possess an exceptional clarity of
                  | mind. [potion of mutation]
 58276 | Zot:4    | Gained mutation: Your flesh is cold resistant. (rC+)
                  | [potion of mutation]
 58930 | Zot:4    | Noticed an orb of fire
 58930 | Zot:4    | Gained mutation: Your body sometimes deteriorates upon
                  | taking damage. [an orb of fire]
 58938 | Zot:4    | Gained mutation: Your magical capacity is very low. (-20%
                  | MP) [an orb of fire]
 58944 | Zot:4    | Killed an orb of fire
 59023 | Zot:5    | Entered Level 5 of the Realm of Zot
 59120 | Zot:5    | Received a gift from Okawaru
 59497 | Zot:5    | Noticed an ancient lich
 59511 | Zot:5    | Killed an ancient lich
 59517 | Zot:5    | Noticed an ancient lich
 59531 | Zot:5    | Killed an ancient lich
 59542 | Zot:5    | Noticed an orb of fire
 59546 | Zot:5    | Gained mutation: Your spells are a little easier to cast,
                  | but a little less powerful. [an orb of fire]
 59559 | Zot:5    | Reached XP level 27. HP: 254/258 MP: 27/28
 59564 | Zot:5    | Killed an orb of fire
 59820 | Zot:5    | Noticed an ancient lich
 59835 | Zot:5    | Killed an ancient lich
 59835 | Zot:5    | Received a gift from Okawaru
 59840 | Zot:5    | Noticed an orb of fire
 59849 | Zot:5    | Gained mutation: Your magical capacity is extremely low.
                  | (-30% MP) [an orb of fire]
 59853 | Zot:5    | Gained mutation: Your spells are easier to cast, but less
                  | powerful. [an orb of fire]
 59862 | Zot:5    | Killed an orb of fire
 59913 | Zot:5    | Noticed an ancient lich
 59926 | Zot:5    | Killed an ancient lich
 60153 | Zot:5    | Got the Orb of Zot
 60657 | D:8      | Gained mutation: Your spells are much easier to cast, but
                  | much less powerful. [a cacodemon]
 60845 | D:$      | Escaped with the Orb!

Levels and vault maps discovered:
D:1:      matt_arrival_grand_opening, layout_basic, hangedman_decor_push,
          solitary_fountain, minmay_pentomino_x4
D:2:      layout_basic, grunt_qazlal_clouds, elyvilon_altar_5,
          lemuel_round_altar, first_ration, grunt_ministairs_11
D:3:      layout_rooms, dancing_weapons_uskayaw, lemuel_doored_altar,
          fedhas_altar_3, lemuel_round_altar, minmay_increasing_density
D:4:      layout_basic, feat_on_display, uniq_eustachio
D:5:      layout_cave_pools, chequers_serial_rivers_room_a
D:6:      layout_rooms, kennysheep_mini_moat, minmay_temple_entry_poolview,
          cheibrodos_sewer_entry_bend, lightli_corner_chamber
D:7:      layout_loops_cross, marbit_many_paths, uniq_pikel
D:8:      layout_rooms, kennysheep_generic_room_11
D:9:      layout_loops_ring, basic_altar, serial_shops,
          nicolae_shop_competitors_out_of_business
D:10:     layout_grid_maze, uniq_harold, uniq_erolcha, uniq_psyche, uniq_erica
D:11:     layout_roguey, erik_lair_dragon, serial_shops, nicolae_shop_stone
D:12:     lemuel_ice_spiral_2, layout_rooms, orc_david_3, serial_shops, shop,
          portal_ice_cave_entry_pillars_1, enter_trove_6, hangedman_ranch
          [blue_anna_fruit_fields]
D:13:     layout_roguey, erik_vaults_2, serial_bayou, serial_bayou_shore_a,
          serial_bayou_lagoon_a, serial_bayou_pond_d, serial_bayou_ford_a
D:14:     layout_basic, bh_chokoban, uniq_roxanne, uniq_jorgrun
D:15:     hangedman_depths_entry_civil_slaughter, layout_stronghold,
          uniq_josephine, uniq_rupert
Temple:   nicolae_temple_figure_eight
Lair:1:   layout_regular_city, chequers_serial_rivers_large_a, minivault_24
Lair:2:   layout_cave_pods, elwin_shoals_entry_rocks,
          guppyfry_snake_entry_garden, beast_lair_carwin_3
Lair:3:   layout_misc_corridors, grunt_megastairs_2
Lair:4:   layout_concentric_octagons, nicolae_volcano_entry_lava_flow,
          minmay_lair_oklob_bushes
Lair:5:   layout_gridlike
Lair:6:   hangedman_lair_tendril_chambers, layout_regular_city, slime_altar_2,
          minmay_lair_oklob_chamber
Shoals:1: nicolae_shoals_island_circles, layout_shoals, uniq_aizul
Shoals:2: layout_shoals, serial_shops, shop
Shoals:3: layout_shoals, serial_shops, shop, lightli_airlock
Shoals:4: shoals_end_simple, layout_shoals, nicolae_shoals_circle_sea_wall
Snake:1:  layout_basic, gammafunk_ghost_split, corexii_hall_statues_u,
          st_stairs_3, uniq_nikola, uniq_frances
Snake:2:  layout_grid_maze, uniq_vashnia
Snake:3:  layout_rooms, serial_shops, nicolae_shop_waterfront,
          nrook_guardian_serpent_double, lemuel_fruit_tree, minmay_shop_grove
Snake:4:  johnstein_snake_rune_scales, layout_cave_shapes, serial_bayou_shore_b
Orc:1:    layout_diamond_mine, led_sif_book
Orc:2:    kennysheep_orc_mage_school, layout_diamond_mine, ebering_ghost_gozag,
          okawaru_metal_pillars_1_2
Vaults:1: v_misc_13, ontoclasm_vaults_pinch, vaults_room_ringed_pool,
          dpeg_vaults_waves, nicolae_vaults_yaktaur_gun_rack,
          vaults_dpeg_diagonal, vaults_room_pools, layout_vaults_omnicross
Vaults:2: nicolae_vaults_windows_and_doors_thing, vaults_standard_mumra_lines,
          nicolae_vaults_stairing_the_circle, minmay_crypt_entry_nasty_monster,
          v_misc_3, nicolae_vaults_big_angled_halls, hangedman_vaults_hat,
          nicolae_vaults_angled_halls, grunt_vaults_bifocal, v_rooms_5,
          ontoclasm_vaults_idyll, nicolae_vaults_diagonal_hallway_8,
          vaults_dpeg_encased_lava, layout_vaults_ring, serial_shops,
          nicolae_shop_stone, uniq_frederick, uniq_jory
Vaults:3: nicolae_vaults_diagonal_hallway_7, v_misc_32, hangedman_vaults_slice,
          nicolae_vaults_what_the_h, nicolae_vaults_asterisk,
          ontoclasm_vaults_ring_small, hangedman_vaults_maws,
          ontoclasm_vaults_chip, layout_vaults_omnigrid, serial_shops, shop,
          uniq_saint_roka, uniq_mennas, uniq_margery
Vaults:4: nicolae_vaults_little_squares_1, nicolae_vaults_twisting_passages,
          nicolae_vaults_theta, v_misc_8, dpeg_vaults_pockets_of_resistance,
          hangedman_vaults_nodes, v_rooms_1, v_pattern_5,
          hangedman_vaults_cutoff, vaults_room_boxed, vaults_mumra_chevron,
          ontoclasm_vaults_ring_small, nicolae_vaults_asterisk,
          vaults_room_semicircle, layout_vaults_maze_bifur
Vaults:5: serial_shops
Depths:1: layout_twisted_cross, hangedman_abyss_or_decor_stabs,
          hangedman_abyss_entry_splay, hell_entry, serial_bayou_crossing
Depths:2: ragdoll_tomb_raider, layout_cave_shapes, enter_ziggurat_d,
          minmay_misc_feat_tower, abyss_entry_small_statue_room, hell_entry,
          serial_bayou, serial_bayou_pond_d, serial_bayou_pond_d,
          serial_bayou_pond_c, serial_bayou_lake_a, uniq_mara
Depths:3: minmay_the_grid_square_5x5_5x5_mashed
          [minmay_the_grid_square_5x5_shrine1,
          minmay_the_grid_square_5x5_two_walls_b,
          minmay_the_grid_square_5x5_moneybag,
          minmay_the_grid_square_5x5_one_wall,
          minmay_the_grid_square_5x5_checkered_sparse,
          minmay_the_grid_square_5x5_longway,
          minmay_the_grid_square_5x5_prize_gold,
          minmay_the_grid_square_5x5_trominoes,
          minmay_the_grid_square_5x5_prize_monsterx,
          minmay_the_grid_square_5x5_v,
          minmay_the_grid_square_5x5_fancy_junction,
          minmay_the_grid_square_5x5_c,
          minmay_the_grid_square_5x5_prize_pseudospiral,
          minmay_the_grid_square_5x5_tri_point,
          minmay_the_grid_square_5x5_almost_minimal,
          minmay_the_grid_square_5x5_shuriken,
          minmay_the_grid_square_5x5_prize_rear_guard,
          minmay_the_grid_square_5x5_two_small,
          minmay_the_grid_square_5x5_prize_waves,
          minmay_the_grid_square_5x5_tetrominoes,
          minmay_the_grid_square_5x5_meh, minmay_the_grid_square_5x5_corner,
          minmay_the_grid_square_5x5_eight_small,
          minmay_the_grid_square_5x5_bracketed, minmay_the_grid_square_5x5_z],
          layout_basic, grunt_pan_entry_in_and_out, abyss_entry_glasseish,
          serial_shops, nicolae_shop_window_shopping, pf_hell_entry_tar_spiral,
          infiniplex_staircase_zigzag_4, uniq_asterion, uniq_bai_suzhen
Depths:4: grunt_twisty_corner, layout_cave_pools, minmay_room_of_horrors,
          serial_bayou_pond_b, hell_entry, special_room [special_room_jelly],
          hallowed_hall
Depths:5: grunt_zot_entry_funnels, layout_gridlike, serial_curves,
          eino_curves_04, eino_curves_03, minmay_misc_feat_rugged,
          rand_demon_pan_entry_7, hell_entry, ebering_ghost_disaster_area,
          special_room [special_room_mythical_zoo]
Zot:1:    layout_twisted_circle, amethyst_zot_foddershock
Zot:2:    circus_mu, layout_gridlike, skrybe_zot_glass_3
Zot:3:    kennysheep_ambush_hall, layout_onion, gammafunk_ghost_arena
Zot:4:    layout_onion_interference, zot_minivault_2, grunt_megastairs_5
Zot:5:    layout_gridlike

Skill      XL: |  1  2  3  4  5  6  7  8  9 10 11 12 13 14 15 16 17 18 19 20 21 22 23 24 25 26 27 |
---------------+----------------------------------------------------------------------------------+-----
Axes           | 3 4 5 6 7 8 10 11 13 16 18 20 21 22 23 24 | 24.5
Shields        | 4 5 6 7 9 10 11 13 14 15 16 18 19 20 | 20.0
Fighting       | 4 5 6 8 9 10 11 13 14 15 16 17 18 19 20 21 22 23 | 23.1
Armour         | 4 5 6 8 9 10 11 13 14 15 16 17 18 19 20 21 22 23 | 23.0
Dodging        | 1 2 4 5 6 12 13 14 15 16 17 18 19 20 | 20.0
Invocations    | 3 5 8 14 19 21 | 21.8
Polearms       | 1 6 9 11 13 14 15 16 | 16.6

Action                   |  1- 3 |  4- 6 |  7- 9 | 10-12 | 13-15 | 16-18 | 19-21 | 22-24 | 25-27 || total
-------------------------+-------+-------+-------+-------+-------+-------+-------+-------+-------++-------
Melee: War axe           |   102 |   181 |   323 |   271 |       |    35 |       |       |       ||   912
       Headbutt          |    14 |    34 |    69 |   194 |   397 |   487 |   290 |   363 |   306 ||  2154
       Hand axe          |       |       |       |   523 |  1254 |    57 |       |       |       ||  1834
       Trident           |       |       |       |       |       |  2253 |   124 |       |    40 ||  2417
       Broad axe         |       |       |       |       |       |    25 |   884 |  1176 |  1066 ||  3151
Invok: Heroism           |       |       |       |     4 |    11 |     8 |    17 |    19 |    19 ||    78
       Finesse           |       |       |       |       |     1 |       |     5 |     3 |     8 ||    17
 Abil: Stop Flying       |       |       |       |       |       |     1 |       |       |       ||     1
Evoke: Wand              |       |       |       |     5 |     4 |    10 |       |     4 |     6 ||    29
       Lamp of fire      |       |       |       |       |     1 |     2 |     4 |     4 |       ||    11
  Use: Potion            |       |       |     1 |     6 |     1 |     4 |    15 |     2 |    21 ||    50
       Scroll            |       |       |    16 |    16 |    15 |    16 |    11 |     9 |    17 ||   100
 Stab: Paralysed         |       |       |       |       |     3 |       |       |       |       ||     3
       Distracted        |       |       |       |       |       |       |     1 |     2 |     2 ||     5
       Confused          |       |       |       |       |       |       |       |     3 |     3 ||     6
  Eat: Chunk             |       |     7 |    13 |    20 |     9 |     4 |     4 |     2 |     3 ||    62
       Ration            |       |       |       |     4 |     8 |    11 |     7 |     7 |     7 ||    44
Armor: Scale mail        |    38 |       |       |       |       |       |       |       |       ||    38
       Plate armour      |    35 |   102 |   164 |   111 |       |       |       |       |       ||   412
       Gold dragon scale |       |       |       |   159 |   440 |   847 |   358 |   479 |   446 ||  2729
       Skin              |       |       |       |     1 |       |       |       |       |       ||     1
Dodge: Dodged            |    34 |    37 |    61 |   149 |   263 |   601 |   333 |   593 |   430 ||  2501
Block: Shield            |    56 |   148 |   177 |   358 |   677 |  1335 |   634 |   920 |   748 ||  5053
